 Dungeon Crawl Stone Soup version 0.31-a0-204-g7da18cac08 (webtiles) character file.

Game seed: 3911252316600061062

25 qw the Shooter (level 2, 0/16 HPs)
             Began as a Deep Elf Hunter on June 27, 2023.
             Slain by a giant cockroach (1 damage)
             ... on level 2 of the Dungeon.
             The game lasted 00:00:10 (470 turns).

qw the Shooter (Deep Elf Hunter)                     Turns: 470, Time: 00:00:10

Health: 0/16       AC:  3    Str:  8    XL:     2   Next: 86%
Magic:  4/4        EV: 12    Int: 13    God:
Gold:   36         SH:  0    Dex: 18    Spells: 1/1 levels left

rFire   . . .        Y - +1 shortbow
rCold   . . .        (shield currently unavailable)
rNeg    . . .        c - +0 leather armour
rPois   .            (no helmet)
rElec   .            (no cloak)
rCorr   .            (no gloves)
SInv    .            (no boots)
Will    +....        (no amulet)
Stlth   ++           e - ring of willpower
HPRegen 0.22/turn    (no ring)
MPRegen 0.09/turn

%: no passive effects
@: about to teleport
A: no striking features
a: no special abilities


You were on level 2 of the Dungeon.
You visited 1 branch of the dungeon, and saw 2 of its levels.

You collected 36 gold pieces.


   Skills:
 - Level 1.5 Fighting
 + Level 6.5 Ranged Weapons
 - Level 2.4 Dodging
 - Level 1.2 Stealth


You had one spell level left.
You didn't know any spells.
Your spell library was empty.

Inventory:

Hand Weapons
 Y - a +1 shortbow (weapon)
Armour
 c - a +0 leather armour (worn)
Jewellery
 e - a ring of willpower (left hand)
Potions
 d - a potion of brilliance {unknown}
 f - a potion of enlightenment {unknown}

Dungeon Overview and Level Annotations

Branches:
Dungeon (2/15)

Altars:


Message History

You shoot an arrow. The arrow hits the adder.
The adder is lightly wounded.
A hobgoblin comes into view.
The adder bites you.
You are poisoned.
The adder poisons you!
You shoot an arrow. The hobgoblin shouts!
The arrow hits the adder.
The adder is heavily wounded.
You feel sick. The adder misses you.
You shoot an arrow. The arrow hits the adder.
You kill the adder!
You feel sick.
A giant cockroach comes into view.
The hobgoblin barely misses you.
You shoot an arrow. The arrow closely misses the hobgoblin.
You feel sick. The hobgoblin hits you.
You shoot an arrow. The arrow hits the hobgoblin!
You kill the hobgoblin!
You feel sick.
You are no longer poisoned.
The giant cockroach barely misses you. The giant cockroach closely misses you.
You shoot an arrow. The arrow hits the giant cockroach!
You kill the giant cockroach!
The giant cockroach bites you but does no damage.
You shoot an arrow. The arrow hits the hobgoblin.
The hobgoblin is moderately wounded.
The giant cockroach bites you but does no damage.
The hobgoblin misses you.
You shoot an arrow. The arrow barely misses the hobgoblin.
The giant cockroach barely misses you. The giant cockroach bites you.
The hobgoblin barely misses you. The giant cockroach bites you.
470 ||| READING scroll of teleportation.
As you read the scroll of teleportation, it crumbles to dust.
You feel strangely unstable. The giant cockroach bites you.
The hobgoblin hits you.
The giant cockroach bites you but does no damage.
The giant cockroach bites you.
You die...

.......... ........ .
........ #########.
....... .........#
..... ........(# #...
#.......# ##.##
#.......####.@g##
+........##..BB.##.
#...........~~~...#
+##.......###..~..#....
.......<..# ##...## ...
####.#^#### ##.## ## ..
#. ...# .. #. #.## #.
.#


You could see 2 giant cockroaches and a hobgoblin.

Vanquished Creatures
  An adder (D:2)
  3 ball pythons (D:1)
  3 endoplasms (D:1)
  A giant cockroach (D:2)
  2 hobgoblins (D:2)
  2 quokkas (D:1)
  A frilled lizard (D:1)
  A kobold (D:1)
  2 rats (D:1)
16 creatures vanquished.

Notes
Turn   | Place    | Note
-------+----------+-------------------------------------------
     0 | D:1      | qw the Deep Elf Hunter began the quest for the Orb.
     0 | D:1      | Reached XP level 1. HP: 12/12 MP: 3/3
     0 | D:1      | 0 ||| qw: Version: 0.3-a-22-g0ed2b0b
     0 | D:1      | 0 ||| qw: Game counter: 6493
     0 | D:1      | 0 ||| qw: Melee chars always use a shield: true
     0 | D:1      | 0 ||| qw: God list: Okawaru
     0 | D:1      | 0 ||| qw: Allow faded altars: false
     0 | D:1      | 0 ||| qw: Do Orc after clearing Dungeon:15 true
     0 | D:1      | 0 ||| qw: Do second Lair branch before Depths: true
     0 | D:1      | 0 ||| qw: Lair rune preference: random
     0 | D:1      | 0 ||| qw: Goals: Normal
     0 | D:1      | 0 ||| PLANNING D:1-11
   120 | D:1      | Reached XP level 2. HP: 16/16 MP: 4/4
   186 | D:1      | Reached skill level 6 in Ranged Weapons
   414 | D:1      | 414 ||| UPGRADING to ring of willpower.
   415 | D:1      | 415 ||| READING 2 scrolls labelled TOSEMOJ FYID.
   418 | D:1      | 418 ||| READING scroll labelled QIRIOKLIPOYX.
   419 | D:1      | 419 ||| DROPPING scroll of butterflies.
   469 | D:2      | HP: 4/16 [giant cockroach (1)]
   470 | D:2      | 470 ||| READING scroll of teleportation.
   470 | D:2      | HP: 1/16 [hobgoblin (2)]
   470 | D:2      | Slain by a giant cockroach

Levels and vault maps discovered:
D:1:      psy_arrival_terrarium, layout_rooms
D:2:      layout_rooms, minmay_liquid_box, amcnicky_mini_pool_small,
          minmay_heptomino_o4, uniq_jessica, uniq_sigmund,
          uniq_crazy_yiuf_cottage, uniq_terence

Skill      XL: |  1  2 |
---------------+-------+-----
Ranged Weapons | 6 |  6.5
Fighting       | |  1.5
Dodging        | |  2.4
Stealth        | |  1.2

Action                     || total
---------------------------++-------
   Fire: Shortbow          ||    30
    Use: Scroll            ||     3
 Armour: Leather armour    ||     3
  Dodge: Dodged            ||     7

Table legend:
 A = Non-vault XP
 B = Vault XP
 C = Vault XP percentage of total XP
 D = Non-vault monster count
 E = Vault monster count
 F = Vault count percentage of total count
                 A         B        C        D         E       F
            +---------+---------+-------+---------+---------+-------
      Total |      37 |       0 |   0.0 |      16 |       0 |   0.0
            +---------+---------+-------+---------+---------+-------
        D:1 |      18 |       0 |   0.0 |      12 |       0 |   0.0
        D:2 |      19 |       0 |   0.0 |       4 |       0 |   0.0
            +---------+---------+-------+---------+---------+-------
